 Dungeon Crawl Stone Soup version 0.31-a0-214-gb37851dbb3 (webtiles) character file.

Game seed: 13269872087234623202

53 qw the Shooter (level 3, 0/29 HPs)
             Began as a Minotaur Hexslinger on July 1, 2023.
             Slain by a goblin
             ... wielding a +0 club
             ... led by Robin
              (3 damage)
             ... on level 2 of the Dungeon.
             The game lasted 00:00:30 (1208 turns).

qw the Shooter (Minotaur Hexslinger)                Turns: 1208, Time: 00:00:30

Health: 0/29       AC:  2    Str: 12    XL:     3   Next: 62%
Magic:  3/3        EV: 12    Int: 10    God:
Gold:   85         SH:  0    Dex: 14    Spells: 3/4 levels left

rFire   . . .        Y - +1 sling
rCold   . . .        (no shield)
rNeg    . . .        c - +0 robe
rPois   .            (helmet restricted)
rElec   .            (no cloak)
rCorr   .            (no gloves)
SInv    .            (no boots)
Will    .....        (no amulet)
Stlth   +            (no ring)
HPRegen 0.24/turn    (no ring)
MPRegen 0.08/turn

%: no passive effects
@: no status effects
A: horns 2, retaliatory headbutt
a: no special abilities


You were on level 2 of the Dungeon.
You visited 1 branch of the dungeon, and saw 2 of its levels.

You collected 85 gold pieces.


Innate Abilities, Weirdness & Mutations

You have a pair of horns on your head.
You reflexively headbutt those who attack you in melee.


   Skills:
 - Level 2.0 Fighting
 + Level 4.2 Ranged Weapons
 - Level 2.1 Dodging
 - Level 1.0 Spellcasting
 - Level 2.0 Hexes


You had 3 spell levels left.
You knew the following spells:

 Your Spells              Type           Power      Damage    Failure   Level
a - Slow                  Hex            16%        N/A       16%         1

Your spell library contained the following spells:

 Spells                   Type           Power      Damage    Failure   Level
 Inner Flame              Hex/Fire       2%         N/A       56%         3
 Portal Projectile        Hex/Tloc       4%         N/A       56%         3
 Cause Fear               Hex            2%         N/A       83%         4

Inventory:

Hand Weapons
 Y - a +1 sling (weapon)
Armour
 c - a +0 robe (worn)
 e - a +0 ring mail
Scrolls
 a - a scroll of identify
 d - a scroll of fear {unknown}
Potions
 b - a potion of enlightenment {unknown}

Dungeon Overview and Level Annotations

Branches:
Dungeon (2/15)

Altars:

Annotations:
D:2 Robin


Message History

You shoot a sling bullet.
The sling bullet closely misses the goblin.
The goblin closely misses you. You furiously retaliate!
You headbutt the goblin!
You kill the goblin!
The goblin closely misses you.
You shoot a sling bullet. The sling bullet hits the goblin.
You kill the goblin!
You shoot a sling bullet.
The sling bullet barely misses the hobgoblin.
The hobgoblin closely misses you.
You shoot a sling bullet.
The sling bullet barely misses the hobgoblin.
A kobold comes into view. It is wielding a +0 short sword.
The hobgoblin hits you but does no damage.
The hobgoblin hits you.
You shoot a sling bullet. The sling bullet hits the hobgoblin!
You kill the hobgoblin!
You hear a shout! x2
You shoot a sling bullet.
The sling bullet barely misses the kobold.
The kobold barely misses you. You furiously retaliate!
You headbutt the kobold!
You kill the kobold!
You start resting.
Robin of the Strong Arm comes into view.
They are wielding a +0 spear.
You shoot a sling bullet. The sling bullet closely misses Robin.
You shoot a sling bullet. The sling bullet hits Robin.
Robin is lightly wounded.
Robin hits you from afar with a +0 spear.
A goblin comes into view. It is wielding a +0 club.
You shoot a sling bullet.
The sling bullet hits Robin but does no damage.
Robin is lightly wounded.
Robin throws the goblin at you! The goblin misses you.
Robin hits you from afar with a +0 spear.
The goblin completely misses you.
You shoot a sling bullet.
The sling bullet barely misses the goblin.
Robin hits you from afar with a +0 spear.
The goblin hits you with a +0 club.
You die...

#.# #. ####### #.#### #.
##.....###.##.. #.
#.............#
.####.####..###.........
#..........?......#.####
.##.....##.####...#.####
......g.##.# #..<......
#)...@)g.# #...#>####
#...))##.# #####.##
#.....##.# #..#
....).####.# ##.# ###)##
#.# #.# #) ... #.# # ..#
#.# ### #.# ..#


You could see Robin and a goblin.

Vanquished Creatures
  A worm (D:2)
  2 dart slugs (D:1)
  5 bats
  5 endoplasms
  2 giant cockroaches (D:1)
  7 goblins (D:2)
  5 hobgoblins
  A quokka (D:1)
  2 ball pythons (D:2)
  3 frilled lizards
  4 kobolds
  5 rats (D:1)
42 creatures vanquished.

Notes
Turn   | Place    | Note
-------+----------+-------------------------------------------
     0 | D:1      | qw the Minotaur Hexslinger began the quest for the Orb.
     0 | D:1      | Reached XP level 1. HP: 16/16 MP: 1/1
     0 | D:1      | 0 ||| qw: Version: 0.3-a-32-g5962c71
     0 | D:1      | 0 ||| qw: Game counter: 7574
     0 | D:1      | 0 ||| qw: Melee chars always use a shield: true
     0 | D:1      | 0 ||| qw: God list: Okawaru
     0 | D:1      | 0 ||| qw: Allow faded altars: false
     0 | D:1      | 0 ||| qw: Do Orc after clearing Dungeon:15 true
     0 | D:1      | 0 ||| qw: Do second Lair branch before Depths: true
     0 | D:1      | 0 ||| qw: Lair rune preference: random
     0 | D:1      | 0 ||| qw: Goals: Normal
     0 | D:1      | 0 ||| PLANNING D:1-11
    79 | D:1      | Reached skill level 3 in Ranged Weapons
    79 | D:1      | Reached XP level 2. HP: 23/23 MP: 2/2
   201 | D:1      | 201 ||| FLEEEEING.
   202 | D:1      | 202 ||| FLEEEEING.
   203 | D:1      | 203 ||| FLEEEEING.
   539 | D:1      | Found a faded altar of an unknown god.
   674 | D:1      | Reached XP level 3. HP: 26/29 MP: 3/3
   768 | D:1      | 768 ||| READING 2 scrolls labelled LOQAF OSIXIMY.
   769 | D:1      | 769 ||| READING scroll labelled ERESOM LARA.
   770 | D:1      | 770 ||| READING scroll labelled WESMEQ PEIQOUCK.
   771 | D:1      | 771 ||| READING scroll labelled JUNEL SIPPORIS.
   772 | D:1      | 772 ||| DROPPING scroll of poison.
  1191 | D:2      | Reached skill level 4 in Ranged Weapons
  1204 | D:2      | Noticed Robin
  1207 | D:2      | HP: 7/29 [Robin/+0 spear (4)]
  1208 | D:2      | HP: 3/29 [Robin/+0 spear (4)]
  1208 | D:2      | Slain by a goblin

Levels and vault maps discovered:
D:1:      wander_arrival_chamber, layout_basic,
          dreamdust_ecumenical_altar_hidden_monk_grotto
D:2:      layout_loops_ring, uniq_robin

Skill      XL: |  1  2  3 |
---------------+----------+-----
Ranged Weapons | 3 4 |  4.2
Fighting       | 2 |  2.0
Dodging        | |  2.1
Spellcasting   | |  1.0
Hexes          | |  2.0

Action                     || total
---------------------------++-------
   Fire: Sling             ||   120
    Use: Scroll            ||     4
 Armour: Robe              ||     8
  Dodge: Dodged            ||    30

Table legend:
 A = Non-vault XP
 B = Vault XP
 C = Vault XP percentage of total XP
 D = Non-vault monster count
 E = Vault monster count
 F = Vault count percentage of total count
                 A         B        C        D         E       F
            +---------+---------+-------+---------+---------+-------
      Total |      59 |      17 |  22.4 |      33 |       9 |  21.4
            +---------+---------+-------+---------+---------+-------
        D:1 |      41 |       0 |   0.0 |      23 |       0 |   0.0
        D:2 |      18 |      17 |  48.6 |      10 |       9 |  47.4
            +---------+---------+-------+---------+---------+-------
